 Seeded DCSS version 0.30.0-10-gfe55d96785 (webtiles) character file.

Game seed: 10090500252402427320 (custom seed)

4101 GigaChad the Spear-Bearer (level 10, -8/75 (79) HPs)
             Began as a Formicid Fighter on May 15, 2023.
             Was a Priest of the Shining One.
             Mangled by a wight
             ... wielding a +0 flail
              (11 damage)
             ... on level 8 of the Dungeon.
             The game lasted 00:10:10 (6054 turns).

GigaChad the Spear-Bearer (Formicid Fighter)        Turns: 6054, Time: 00:10:10

HP:   -8/75 (79)    AC: 13    Str: 24    XL:     10   Next: 50%
MP:   10/10         EV:  8    Int:  9    God:    the Shining One [***...]
Gold: 451           SH: 18    Dex: 13    Spells: 9/9 levels left

rFire   . . .        i - +11 glaive of Extinguishment {heavy, rC+ Will++ Dex-2}
rCold   + . .        l - +3 tower shield of Wuakh {Int+2}
rNeg    + . .        b - +0 scale mail
rPois   .            (helmet unavailable)
rElec   .            p - +1 cloak
rCorr   .            (no gloves)
SInv    +            r - +2 pair of boots
Will    +++..        F - amulet of regeneration Stlth
                     (no ring)
HPRegen 1.12/turn    (no ring)
MPRegen 0.12/turn

%: no passive effects
@: glowing, drained
A: permanent stasis, dig shafts and tunnels, antennae 3, four strong arms
a: Dig, Shaft Self, Renounce Religion, Divine Shield, Cleansing Flame


You were on level 8 of the Dungeon.
You worshipped the Shining One.
The Shining One was most pleased with you.
You visited 2 branches of the dungeon, and saw 9 of its levels.
You also visited: Ossuary and Bailey.

You collected 451 gold pieces.

Inventory:

Hand Weapons
 a - a +0 vampiric war axe
 i - the +11 glaive of Extinguishment (weapon) {heavy, rC+ Will++ Dex-2}
   (You acquired it on level 1 of the Dungeon)

   Dex:       It affects your dexterity (-2).
   rC:        It protects you from cold.
   Will:      It greatly increases your willpower.
 o - a +3 quarterstaff of chaos
 B - a +5 quarterstaff
 J - a +6 broad axe
Missiles
 z - a throwing net
Armour
 b - a +0 scale mail (worn)
 c - a +0 buckler
 l - the +3 tower shield of Wuakh (worn) {Int+2}
   (You acquired it on level 2 of the Dungeon)

   Int:       It affects your intelligence (+2).
 p - a +1 cloak (worn)
 r - a +2 pair of boots (worn)
 K - a +0 plate armour
Jewellery
 F - an amulet of regeneration (around neck)
Wands
 A - a wand of iceblast (11)
 C - a wand of quicksilver (8)
 H - a wand of charming (13)
 I - a wand of flame (19)
Scrolls
 g - 3 scrolls of fog
 h - 5 scrolls of identify
 k - 4 scrolls of teleportation
 q - a scroll of magic mapping
 x - 2 scrolls of immolation
 y - a scroll of vulnerability
 E - a scroll of enchant weapon
 L - a scroll of amnesia {unknown}
Potions
 d - 4 potions of might
 e - 3 potions of flight {unknown}
 f - 4 potions of brilliance
 j - 2 potions of haste {unknown}
 m - 4 potions of heal wounds {unknown}
 n - 6 potions of curing {unknown}
 s - 3 potions of invisibility
 t - 3 potions of mutation
 u - a potion of lignification {unknown}
 v - a potion of experience
 w - 5 potions of magic {unknown}
 D - a potion of attraction {unknown}
 G - 2 potions of resistance {unknown}


   Skills:
 * Level 7.0 Fighting
 - Level 2.0(6.9) Axes
 * Level 10.3(10.4) Polearms
 * Level 6.9 Armour
 * Level 9.4 Shields


You had 9 spell levels left.
You didn't know any spells.
Your spell library contained the following spells:

 Spells                   Type           Power      Damage    Failure   Level
 Apportation              Tloc           0%         N/A       98%         1
 Necrotise                Necr           0%         1d4       98%         1
 Summon Small Mammal      Summ           0%         N/A       98%         1
 Ensorcelled Hibernation  Hex/Ice        0%         N/A       99%         2
 Spider Form              Tmut/Pois      0%         N/A       100%        3
 Anguish                  Hex/Necr       0%         N/A       100%        4
 Cause Fear               Hex            0%         N/A       100%        4
 Dragon Form              Tmut           0%         N/A       100%        7
 Dragon's Call            Summ           0%         N/A       100%        9


Dungeon Overview and Level Annotations

Branches:
Dungeon (8/15)             Temple (1/1) D:4         Ossuary (visited)
 Bailey (visited)
   Lair: D:8-11

Altars:
Ashenzari
Dithmenos
Gozag
Kikubaaqudgha
Makhleb
Nemelex Xobeh
Okawaru
Trog
Yredelemnul
The Shining One

Shops:
D:5 [


Innate Abilities, Weirdness & Mutations

You cannot be hasted, slowed, berserked, paralysed or teleported.
You can dig through walls and to a lower floor.
You have a pair of large antennae on your head. (SInv)
Your four strong arms can wield two-handed weapons with a shield.


Message History

Unknown command.
You slice the wight!!
You destroy the wight!
The Shining One accepts your kill.
You block the wight's attack. x2; The wight barely misses you. x2
You block the orc wizard's attack. The orc priest closely misses you.
The orc hits you but does no damage.
The wight hits you with a +4 great sword!
You block the orc wizard's attack. The wight closely misses you.
The orc priest barely misses you. The wight hits you with a +0 flail.
You partially resist.
You feel drained. The wight hits you but does no damage.
The orc hits you but does no damage.
The wight hits you from afar with a +2 halberd.
You slice the orc!!
You kill the orc!
You block the wight's attack. x2; The wight completely misses you.
You block the wight's attack. The wight hits you but does no damage.
The orc wizard hits you but does no damage.
The orc priest hits you but does no damage.
The wight barely misses you. The orc priest closely misses you.
The wight hits you with a +1 morningstar.
* * * LOW HITPOINT WARNING * * *
The wight hits you but does no damage. The wight barely misses you.
The orc wizard hits you but does no damage.
You block the wight's attack. The wight attacks as you move away!
The wight barely misses you.
Found a robe.
You block the wight's attack. x3; The orc priest hits you with a +0 club.
* * * LOW HITPOINT WARNING * * *
The wight closely misses you.
Items here: )) [ †.
Unknown command.
You barely miss the wight. You block the wight's attack. x2
The wight hits you but does no damage. You block the wight's attack.
The wight hits you with a +1 morningstar!
* * * LOW HITPOINT WARNING * * *
The orc priest invokes the aid of Beogh against you.
Beogh smites you!
* * * LOW HITPOINT WARNING * * *
The wight hits you with a +0 flail!
You die...

.[.....# #......# ..
......## #.. #......#
#. #.##......#... .##
#. #..#......$.#
...##.. ##...$.zz..#
....... ......z@o.#
......# ####..zzo.#
......## ###....##
.......# ##.......#
.......#####..###...?..
.............## #?.###
.#.....####..# .##
.##...## #..# ..
..##..# ##.# ..#


You could see 5 wights, an orc priest and an orc wizard (invisible).

Vanquished Creatures
  An orc warlord (Bailey)
  Grinder (D:5)
  Sigmund (D:7)
  3 yaks (D:6)
  Menkaure (D:5)
  Edmund (D:7)
  2 water moccasins
  4 orc warriors (Bailey)
  A sky beast (D:7)
  A black bear (D:7)
  A phantom (D:5)
  A bullfrog (D:6)
  2 scorpions
  8 wights
  A centaur zombie (Ossuary)
  A human zombie (Ossuary)
  2 jellies
  Crazy Yiuf (D:2)
  A hound (D:5)
  A gnoll bouda (D:5)
  6 iguanas
  2 sleepcaps
  An orc wizard (D:6)
  6 mummies (Ossuary)
  7 gnolls
  6 adders
  A shadow imp (D:6)
  5 white imps
  An ufetubus (D:6)
  2 worms (D:3)
  A dart slug (D:5)
  25 orcs
  4 bats
  2 endoplasms (D:4)
  3 giant cockroaches
  10 goblins
  10 hobgoblins
  4 quokkas
  3 ball pythons
  8 frilled lizards
  A gnoll zombie (Ossuary)
  17 kobolds
  4 kobold zombies (Ossuary)
  An orc zombie (Ossuary)
  4 rats
169 creatures vanquished.

Notes
Turn   | Place    | Note
-------+----------+-------------------------------------------
     0 | D:1      | GigaChad the Formicid Fighter began the quest for the Orb.
     0 | D:1      | Reached XP level 1. HP: 18/18 MP: 1/1
   307 | D:1      | Reached XP level 2. HP: 24/24 MP: 2/2
   730 | D:1      | Identified a scroll of acquirement
   730 | D:1      | Acquired the +11 glaive of Extinguishment {heavy, rC+
                  | Will++ Dex-2}
   766 | D:2      | Found a sparkling altar of Nemelex Xobeh.
   933 | D:2      | Reached XP level 3. HP: 30/30 MP: 3/3
  1208 | D:2      | Found a runed translucent door.
  1209 | D:2      | Noticed Crazy Yiuf
  1213 | D:2      | Killed Crazy Yiuf
  1214 | D:2      | Reached XP level 4. HP: 37/37 MP: 4/4
  1222 | D:2      | Acquired the +3 tower shield of Wuakh {Int+2}
  1312 | D:3      | Reached skill level 1 in Polearms
  1463 | D:3      | Reached XP level 5. HP: 42/42 MP: 5/5
  1769 | D:3      | Reached skill level 2 in Polearms
  1812 | D:3      | Found a basalt altar of Yredelemnul.
  2143 | D:4      | Identified the +5 ring mail "Dyhon" {rN+ Str+4 Dex-3}
  2163 | D:4      | Found a staircase to the Ecumenical Temple.
  2175 | Temple   | Entered the Ecumenical Temple
  2196 | Temple   | Became a worshipper of the Shining One
  2254 | D:4      | Reached skill level 5 in Shields
  2308 | D:4      | Found a sand-covered staircase.
  2316 | Ossuary  | Entered an ossuary
  2336 | Ossuary  | Reached XP level 6. HP: 40/48 MP: 6/6
  2338 | Ossuary  | Reached skill level 3 in Polearms
  2387 | Ossuary  | Reached * piety under the Shining One
  2836 | D:5      | Entered Level 5 of the Dungeon
  2905 | D:5      | Reached skill level 4 in Polearms
  2941 | D:5      | Reached XP level 7. HP: 40/55 MP: 7/7
  3097 | D:5      | Found Yggoapn's Antique Armour Shoppe.
  3153 | D:5      | Found an opulent altar of Gozag.
  3194 | D:5      | Noticed Menkaure
  3197 | D:5      | Killed Menkaure
  3198 | D:5      | Reached skill level 5 in Polearms
  3722 | D:5      | Noticed Grinder
  3727 | D:5      | Killed Grinder
  3728 | D:5      | Reached skill level 5 in Fighting
  3728 | D:5      | Reached skill level 6 in Polearms
  3728 | D:5      | Reached skill level 5 in Armour
  3728 | D:5      | Reached XP level 8. HP: 62/62 MP: 8/8
  3779 | D:5      | Found a burning altar of Makhleb.
  4128 | D:6      | Reached ** piety under the Shining One
  4193 | D:6      | Reached skill level 7 in Polearms
  4233 | D:6      | Reached XP level 9. HP: 65/68 MP: 9/9
  4572 | D:6      | Found an iron altar of Okawaru.
  4636 | D:6      | Reached skill level 8 in Polearms
  4898 | D:7      | Found a flagged portal.
  4989 | D:7      | Noticed Edmund
  4992 | D:7      | Killed Edmund
  5009 | D:7      | Noticed Sigmund
  5010 | D:7      | Killed Sigmund
  5011 | D:7      | Reached skill level 9 in Polearms
  5376 | Bailey   | Entered a bailey
  5381 | Bailey   | Noticed an orc warlord
  5431 | Bailey   | Reached XP level 10. HP: 65/77 MP: 10/10
  5470 | Bailey   | Found a runed translucent gate.
  5472 | Bailey   | Found a runed translucent gate.
  5473 | Bailey   | Found a runed translucent gate.
  5531 | Bailey   | Killed an orc warlord
  5532 | Bailey   | Reached skill level 10 in Polearms
  6044 | D:8      | Reached *** piety under the Shining One
  6054 | D:8      | HP: 3/75 [orc priest/divine providence (8)]
  6054 | D:8      | Mangled by a wight

Illustrated notes

Levels and vault maps discovered:
D:1:      nzn_arrival_settlement, layout_loops_corners, serial_bayou_ford_a,
          nicolae_kite_square_tiling_tiny
D:2:      layout_basic, basic_altar, uniq_crazy_yiuf_cottage
D:3:      layout_basic, mainiacjoe_overflow_brackets, minmay_hedge_maze
D:4:      layout_basic, temple_hall, chequers_ossuary_entry_cave
D:5:      layout_basic, mainiacjoe_overflow_paths, grunt_gozag_statues,
          serial_shops, shop, dreamdust_wishing_well, minmay_lizard_king,
          uniq_grinder, uniq_menkaure
D:6:      layout_basic, mainiacjoe_overflow_boulevard
D:7:      layout_cave_pools, enter_bailey_2, sigmund_edmund_badplayer
D:8:      layout_layer_cave, minmay_lair_entry_lava
Temple:   eino_temple_scatter_basement

Skill      XL: |  1  2  3  4  5  6  7  8  9 10 |
---------------+-------------------------------+-----
Armour         | 4 5 6 |  6.9
Polearms       | 1 2 4 6 7 9 10 | 10.3
Fighting       | 4 5 6 7 |  7.0
Shields        | 5 6 8 9 |  9.4
Axes           | |  2.0

Action                     |  1- 3 |  4- 6 |  7- 9 | 10-12 || total
---------------------------+-------+-------+-------+-------++-------
  Melee: War axe           |    32 |       |       |       ||    32
         Glaive            |     9 |    84 |   129 |    39 ||   261
    Use: Scroll            |     1 |     9 |     3 |     1 ||    14
 Armour: Scale mail        |    21 |    10 |    59 |    31 ||   121
  Dodge: Dodged            |    23 |    13 |    35 |    25 ||    96
  Block: Buckler           |    11 |       |       |       ||    11
         Tower shield      |       |    52 |   127 |    65 ||   244
